 Dungeon Crawl Stone Soup version 0.30-a0-989-g0d87f670db (webtiles) character file.

Game seed: 17645025175645026607

254 Newt the Shooter (level 6, -4/40 HPs)
             Began as a Kobold Hunter on Apr 3, 2023.
             Slain by a black bear (8 damage)
             ... on level 4 of the Dungeon.
             The game lasted 00:02:51 (3082 turns).

Newt the Shooter (Kobold Hunter)                    Turns: 3082, Time: 00:02:52

Health: -4/40      AC:  6    Str:  9    XL:     6   Next: 38%
Magic:  6/6        EV: 14    Int: 10    God:
Gold:   141        SH:  0    Dex: 20    Spells: 5/5 levels left

rFire   . . .      SeeInvis .    a - +0 shortbow
rCold   . . .      Faith    .    (shield currently unavailable)
rNeg    . . .      Spirit   .    c - +0 leather armour
rPois   .          Reflect  .    u - +0 helmet
rElec   .          Rampage  .    (no cloak)
rCorr   .                        s - +0 pair of gloves
Will    .....                    l - +0 pair of boots
Stlth   +++                      h - amulet of the acrobat
HPRegen 0.26/turn                k - ring of flight
MPRegen 0.10/turn                (no ring)

@: flying
A: small, no large weapons, nightstalker 3
a: no special abilities


You were on level 4 of the Dungeon.
You visited 1 branch of the dungeon, and saw 4 of its levels.

You collected 141 gold pieces.

Inventory:

Hand Weapons
 a - a +0 shortbow (weapon)
Missiles
 r - 4 boomerangs of dispersal
Armour
 c - a +0 leather armour (worn)
 l - a +0 pair of boots (worn)
 s - a +0 pair of gloves (worn)
 u - a +0 helmet (worn)
Jewellery
 e - a ring of ice
 h - an amulet of the acrobat (around neck)
 k - a ring of flight (left hand)
Wands
 q - a wand of paralysis (2)
 t - a wand of quicksilver (10)
Scrolls
 b - a scroll of immolation
 f - a scroll of magic mapping
 m - a scroll of fear {unknown}
 p - 2 scrolls of teleportation
 v - a scroll of vulnerability {unknown}
Potions
 d - a potion of magic
 g - a potion of curing
 i - a potion of flight
 j - a potion of degeneration {unknown}
 n - 2 potions of might {unknown}
 o - a potion of invisibility {unknown}
 w - a potion of brilliance {unknown}


   Skills:
 - Level 5.0 Fighting
 + Level 7.8 Ranged Weapons
 - Level 2.4 Dodging
 - Level 1.3 Stealth


You had 5 spell levels left.
You didn't know any spells.
Your spell library contained the following spells:

 Spells                   Type           Power      Damage    Failure   Level
 Lesser Beckoning         Tloc           0%         N/A       63%         2
 Gell's Gravitas          Tloc           0%         N/A       85%         3
 Teleport Other           Tloc           0%         N/A       85%         3


Dungeon Overview and Level Annotations

Branches:
Dungeon (4/15)
 Temple: D:4-7

Altars:
Elyvilon
Xom
Yredelemnul
Zin
The Shining One


Innate Abilities, Weirdness & Mutations

You are small and have problems with some larger weapons.
You are completely attuned to the shadows.


Message History

Unknown command.
You shoot an arrow. The arrow barely misses the black bear.
The black bear bites you.
The black bear claws you but does no damage.
The black bear claws you.
Unknown command.
The black bear bites you. The black bear misses you.
The black bear completely misses you.
Unknown command.
You shoot an arrow. The arrow barely misses the black bear.
The black bear closely misses you. The black bear misses you.
The black bear claws you but does no damage.
The black bear bites you!
* * * LOW HITPOINT WARNING * * *
The black bear misses you.
The black bear claws you but does no damage.
You shoot an arrow.
The arrow hits the black bear but does no damage.
The black bear is almost dead.
The black bear bites you but does no damage.
The black bear claws you.
* * * LOW HITPOINT WARNING * * *
The black bear barely misses you.
You shoot an arrow.
The arrow completely misses the black bear.
The arrow closely misses the adder.
The black bear bites you.
* * * LOW HITPOINT WARNING * * *
The black bear claws you but does no damage.
The black bear misses you. The black bear barely misses you. x2
The black bear completely misses you.
Unknown command.
Throw: 5 boomerangs (disperse)
Press: ? - help, Shift-Dir - straight line, f/p - black bear
Aim: a black bear (almost dead, berserk, 71% to hit)
You throw a boomerang of dispersal.
The boomerang of dispersal closely misses the black bear.
The boomerang of dispersal hits the adder and shatters for extra damage.
The adder blinks!
The black bear bites you!
You die...

*,,,,,,,#...
*****,*****,..##
*,,,,,,,,,**#,##
*,#**,***,* *..>
*.#**,***,* *.##
###.##,,,**,***,..
#§...†,_,,,,,,,,##
#h#,**,,,**,*****
#@#,***,***,*
#.#,***,***,*
#.#,,,,,,,,,******
#.#****,*****,,,,*
****####.# *,*,,,,,,,,,,*
*,,......# *,,,**,#.###.*
*,*#.##..###.****,#.#...#
#.##.##......,,,,,#.#.#.#
#.##.##.#####*****#.#.#.#


You could see a black bear (berserk).

Vanquished Creatures
  A hound (D:4)
  An orc priest (D:4)
  2 orc wizards
  3 gnolls (D:3)
  2 adders
  2 worms (D:2)
  2 dart slugs
  14 orcs
  7 bats
  8 endoplasms
  3 giant cockroaches
  6 goblins
  7 hobgoblins
  5 quokkas
  4 ball pythons
  A frilled lizard (D:3)
  3 kobolds
  2 rats (D:1)
73 creatures vanquished.

Notes
Turn   | Place    | Note
-------+----------+-------------------------------------------
     0 | D:1      | Newt the Kobold Hunter began the quest for the Orb.
     0 | D:1      | Reached XP level 1. HP: 12/12 MP: 1/1
   106 | D:1      | Reached XP level 2. HP: 9/18 MP: 2/2
   650 | D:2      | Reached XP level 3. HP: 22/23 MP: 3/3
  1088 | D:2      | Found a faded altar of an unknown god.
  1156 | D:2      | Reached XP level 4. HP: 30/30 MP: 4/4
  1681 | D:3      | Found a white marble altar of Elyvilon.
  1681 | D:3      | Found a glowing golden altar of the Shining One.
  1682 | D:3      | Found a glowing silver altar of Zin.
  1717 | D:3      | Reached skill level 5 in Fighting
  1718 | D:3      | Reached XP level 5. HP: 25/35 MP: 5/5
  2167 | D:3      | Reached skill level 6 in Ranged Weapons
  2610 | D:4      | Reached skill level 7 in Ranged Weapons
  2610 | D:4      | Reached XP level 6. HP: 39/40 MP: 6/6
  2637 | D:4      | Found a basalt altar of Yredelemnul.
  2730 | D:4      | Found a shimmering altar of Xom.
  3068 | D:4      | Noticed a black bear
  3082 | D:4      | Slain by a black bear

Illustrated notes

Levels and vault maps discovered:
D:1:      minmay_arrival_diagonal_passages, layout_basic, chequers_jeans
D:2:      layout_basic, shapermc_ecumenical_altar_starsandcircs,
          lightli_corner_chamber
D:3:      layout_loops_ring, good_gods_temple_1
D:4:      layout_loops_cross, kennysheep_little_box, mainiacjoe_overflow_paths,
          nicolae_overflow_crystal_walls

Skill      XL: |  1  2  3  4  5 |
---------------+----------------+-----
Fighting       | 3 4 5 |  5.0
Ranged Weapons | 7 |  7.8
Dodging        | |  2.4
Stealth        | |  1.3

Action                     |  1- 3 |  4- 6 || total
---------------------------+-------+-------++-------
   Fire: Shortbow          |    90 |   142 ||   232
  Throw: Boomerang         |       |     1 ||     1
    Use: Scroll            |     3 |     3 ||     6
         Potion            |       |     1 ||     1
 Armour: Leather armour    |    10 |    41 ||    51
  Dodge: Dodged            |    41 |    75 ||   116

Table legend: (Time is in decaauts)
 A = Elapsed time spent in this place.
 B = Non-inter-level travel time spent in this place.
 C = Inter-level travel time spent in this place.
 D = Time resting spent in this place.
 E = Time spent auto-exploring this place.
 F = Levels seen in this place.
 G = Mean time per level.
                   A        B        C        D        E       F      G
               +--------+--------+--------+--------+--------+-----+--------+
         Total |   3141 |   2983 |    158 |    370 |   2144 |   4 |  785.2 |
       Dungeon |   3141 |   2983 |    158 |    370 |   2144 |   4 |  785.2 |
               +--------+--------+--------+--------+--------+-----+--------+

Top non-repeatable levels by time:
     D:3: 1094 daAuts
     D:2: 889 daAuts
     D:1: 631 daAuts
     D:4: 526 daAuts
